 Dungeon Crawl Stone Soup version 0.31-a0-430-gf8416d752b (webtiles) character file.

Game seed: 12606245563695451113

2 Ethylacetat the Ruffian (level 1, 0/9 HPs)
             Began as a Vine Stalker Shapeshifter on July 31, 2023.
             Slain by a rat (1 damage)
             ... on level 1 of the Dungeon.
             The game lasted 00:00:12 (46 turns).

Ethylacetat the Ruffian (Vine Stalker Shapeshifter)   Turns: 46, Time: 00:00:13

Health: 0/9        AC:  2    Str: 17    XL:     1   Next: 30%
Magic:  0/2        EV:  9    Int:  8    God:
Gold:   0          SH:  0    Dex: 14    Spells: 0/0 levels left

rFire   . .          .
                       - Unarmed
rCold   . . .        (no shield)
rNeg    . . .        a - +0 animal skin
rPois   .            (helmet currently unavailable)
rElec   .            (cloak currently unavailable)
rCorr   .            (gloves currently unavailable)
SInv    .            (boots currently unavailable)
Will    .....        (no amulet)
Stlth   +            (no ring)
HPRegen 0.21/turn    (no ring)
MPRegen 0.08/turn

%: guardian spirit
@: beast-form, constricted
A: beast (slay +2), fangs 2, magic shield, antimagic bite, no potion heal 2
a: Begin Untransformation


You were on level 1 of the Dungeon.
You were a hulking beast.
You visited 1 branch of the dungeon, and saw 1 of its levels.

Inventory:

Armour
 a - a +0 animal skin (worn)
Jewellery
 d - a ring of fire
Talismans
 c - a beast talisman (active)
Potions
 b - a potion of lignification


   Skills:
 + Level 0.9 Fighting
 - Level 1.5 Dodging
 + Level 3.0 Unarmed Combat
 * Level 3.0 Shapeshifting


You couldn't memorise any spells.
You didn't know any spells.
Your spell library was empty.

Dungeon Overview and Level Annotations

Branches:
Dungeon (1/15)

Altars:


Innate Abilities, Weirdness & Mutations

You are a hulking beast.
Your limbs bulge with bestial killing power. (Slay +2)
You have extremely sharp teeth.
When hurt, damage is shared between your health and your magic reserves.
Your bite disrupts and absorbs the magic of your enemies.
Potions cannot restore your health.


Message History

A giant cockroach comes into view.
Found a leather armour.
The giant cockroach moves out of view.
There are no items here.
A ball python comes into view.
Found 12 gold pieces.
The hobgoblin hits you.
A rat comes into view.
You closely miss the hobgoblin.
The ball python hisses angrily.
You bite the hobgoblin, but do no damage.
The hobgoblin hits you.
You hit the hobgoblin.
You bite the hobgoblin, but do no damage.
The hobgoblin is severely wounded.
The hobgoblin hits you.
You barely miss the hobgoblin.
The hobgoblin is severely wounded.
The hobgoblin hits you.
You hit the hobgoblin.
You kill the hobgoblin!
The ball python bites you but does no damage.
The ball python grabs you. The ball python constricts you.
A quokka comes into view.
You closely miss the ball python. You bite the ball python.
You drain its power.
You feel invigorated.
The ball python is heavily wounded.
The ball python bites you. The ball python constricts you.
You are too injured to fight recklessly!
You are too injured to fight recklessly!
You are too injured to fight recklessly!
You are too injured to fight recklessly!
You barely miss the ball python. Your bite misses the ball python.
The ball python is heavily wounded.
The ball python bites you. The ball python constricts you.
The ball python bites you.
* * * LOW HITPOINT WARNING * * *
The ball python constricts you.
You closely miss the ball python.
The ball python is heavily wounded.
The rat bites you.
You die...

# .# ####..# #.# ...#..#
#.######## ##.#..#
#......... ...#..#
#[........
...#..#########........$
...#..##................
...#..##.........S......
......##........hr......
.................B..r...
.....###.......#####.#..
§≈≈§.#........... ..
≈≈...#.########### #
≈....#. .....# §....#
...#.#


You could see a quokka, a giant cockroach, a ball python and a rat.

Vanquished Creatures
  A hobgoblin (D:1)
  A rat (D:1)
2 creatures vanquished.

Notes
Turn   | Place    | Note
-------+----------+-------------------------------------------
     0 | D:1      | Ethylacetat the Vine Stalker Shapeshifter began the quest
                  | for the Orb.
     0 | D:1      | Reached XP level 1. HP: 9/9 MP: 2/2
    46 | D:1      | Slain by a rat

Illustrated notes

Levels and vault maps discovered:
D:1:      onia_arrival_pyramid, layout_basic, basic_ecumenical_altar,
          hangedman_feature_mirror

Action                     || total
---------------------------++-------
  Melee: Unarmed           ||     8
         Bite              ||     4
 Armour: Animal skin       ||     1

Table legend: (Time is in decaauts)
 A = Elapsed time spent in this place.
 B = Non-inter-level travel time spent in this place.
 C = Inter-level travel time spent in this place.
 D = Time resting spent in this place.
 E = Time spent auto-exploring this place.
 F = Levels seen in this place.
 G = Mean time per level.
                   A        B        C        D        E       F      G
               +--------+--------+--------+--------+--------+-----+--------+
         Total |     45 |     45 |      0 |      0 |     33 |   1 |   45.0 |
       Dungeon |     45 |     45 |      0 |      0 |     33 |   1 |   45.0 |
               +--------+--------+--------+--------+--------+-----+--------+

Top non-repeatable levels by time:
     D:1: 45 daAuts
